 Dungeon Crawl Stone Soup version bcrawl-1.31.4 (webtiles) character file.

Game seed: 3306908872947953483

319122 Morbidden the Covert (level 11, 0/64 HPs)
             Began as a Mana Stalker Archaeologist on May 28, 2021.
             Was a Priest of Vehumet.
             Slain by a white ugly thing (23 damage)
             ... on level 9 of the Dungeon.
             The game lasted 00:23:35 (10365 turns).

Morbidden the Covert (Mana Stalker Archaeologist)  Turns: 10365, Time: 00:23:36

Health: 0/64       AC: 14    Str: 22    XL:     11   Next: 26%
Magic:  4/22       EV: 17    Int: 24    God:    Vehumet [***...]
Gold:   59         SH:  0    Dex: 14    Spells: 4/24 levels left

rFire    . . .     SeeInvis +   z - +2 short sword (speed)
rCold    . . .     Gourm    .   (no shield)
rNeg     . . .     Faith    .   c - +2 robe of Beyond {MR- Str+6}
rPois    +         Spirit   .   F - +1 helmet {SInv}
rElec    .         Reflect  .   d - +2 cloak
rCorr    +         Harm     .   H - +2 pair of gloves
MR       +....                  n - +1 pair of boots
Stlth    ++++++....             (no amulet)
HPRegen  0.60/turn              h - ring "Wusudia" {rPois rCorr Str+3 Int+7}
MPRegen  0.18/turn              j - ring of stealth

@: no status effects
A: fangs 3, magic resistance 1, regeneration 1, antimagic bite, no potion heal
3, rot immunity, strong jaws
a: Renounce Religion


You were on level 9 of the Dungeon.
You worshipped Vehumet.
Vehumet was most pleased with you.
You were not hungry.

You visited 1 branch of the dungeon, and saw 9 of its levels.
You also visited: Sewer and Ossuary.

You collected 575 gold pieces.
You spent 516 gold pieces at shops.

Inventory:

Hand Weapons
 a - a +1 dagger of freezing
 b - a +0 blowgun
 z - a +2 short sword of speed (weapon)
Missiles
 f - 5 curare-tipped needles
 x - 93 poisoned needles
 y - 142 steel javelins (quivered)
Armour
 c - the +2 robe of Beyond (worn) {MR- Str+6}
   (You bought it in a shop on level 7 of the Dungeon)

   It affects your strength (+6).
   It affects your resistance to hostile enchantments.
 d - a +2 cloak (worn)
 n - a +1 pair of boots (worn)
 F - a +1 helmet of see invisible (worn)
 H - a +2 pair of gloves (worn)
Jewellery
 h - the ring "Wusudia" (left hand) {rPois rCorr Str+3 Int+7}
   (You acquired it on level 3 of the Dungeon)

   [ring of resist corrosion]

   It affects your strength (+3).
   It affects your intelligence (+7).
   It protects you from poison.
   It provides partial protection from all sources of acid and corrosion.
 j - a ring of stealth (right hand)
 E - an uncursed ring of see invisible
Wands
 J - a wand of acid (6)
Scrolls
 g - a scroll of magic mapping
 i - 5 scrolls of identify
 o - 3 scrolls of amnesia
 q - 5 scrolls of remove curse
 s - a scroll of blinking
 v - 3 scrolls of teleportation
 C - a scroll of vulnerability {unknown}
 D - a scroll of fog {unknown}
 I - a scroll of fear {unknown}
Potions
 k - a potion of brilliance {unknown}
 l - 2 potions of degeneration {unknown}
 m - 2 potions of flight
 p - a potion of lignification {unknown}
 r - 4 potions of curing
 t - a potion of cancellation {unknown}
 u - a potion of berserk rage {unknown}
 w - a potion of invisibility {unknown}
 A - a potion of mutation {unknown}
 B - 4 potions of heal wounds {unknown}
Comestibles
 e - 15 rations {!d}
 G - 4 chunks of flesh


   Skills:
 * Level 5.2 Fighting
 * Level 7.6 Short Blades
   Level 0.9 Maces & Flails
 * Level 8.1 Dodging
 + Level 8.5 Stealth
 * Level 7.0 Spellcasting
 * Level 7.8 Conjurations
 * Level 3.4 Transmutations
 + Level 3.1 Fire Magic


You had 4 spell levels left.
You knew the following spells:

 Your Spells              Type           Power        Failure   Level  Hunger
a - Iskenderun's Mystic   Conj           #####...     1%          3    None
b - Searing Ray           Conj           #####...     1%          2    None
c - Magic Dart            Conj           ####         1%          1    None
d - Irradiate             Conj/Tmut      #####.....   5%          5    #####..
f - Fireball              Conj/Fire      ####......   5%          5    #####..
z - Sticky Flame          Conj/Fire      ####....     2%          4    ####...

Your spell library contained the following spells:

 Spells                   Type           Power        Failure   Level  Hunger
 Throw Icicle             Conj/Ice       ####....     4%          4    ####...
 Flame Tongue             Conj/Fire      ####.        1%          1    None
 Conjure Flame            Conj/Fire      ####....     1%          3    None
 Inner Flame              Hex/Fire       N/A          3%          3    None
 Fulminant Prism          Conj/Hex       ####......   4%          4    ####...
 Flaming Arrows           Chrm/Fire      ###.....     6%          2    None
 Bolt of Draining         Conj/Necr      ####......   11%         5    #####..
 Iron Shot                Conj/Erth      ####......   47%         6    ######.
 Poison Arrow             Conj/Pois      ####......   47%         6    ######.
 Orb of Destruction       Conj           #####.....   52%         7    #######
 Spellforged Servitor     Conj/Summ      ####......   100%        7    #######


Dungeon Overview and Level Annotations

Branches:
Dungeon (9/12)             Temple (0/1) D:7            Lair (0/6) D:7
    Orc: D:8-11

Altars:
Ashenzari
Elyvilon
Hepliaklqana
Kikubaaqudgha
Nemelex Xobeh
Okawaru
Sif Muna
Trog
Vehumet
Zin
The Shining One

Shops:
D:6 :   D:7 [[*


Innate Abilities, Weirdness & Mutations

You have razor-sharp teeth.
You are resistant to hostile enchantments. (MR+)
Your natural rate of healing is unusually fast.
Your bite disrupts and absorbs the magic of your enemies.
Potions cannot restore your health.
You are immune to rotting.
Your bites deal extra damage.


Message History

The white ugly thing misses you.
No path to travel!
No path to travel!
Casting: Iskenderun's Mystic Blast (safe; 1% risk of failure)
Confirm with . or Enter, or press ? or * to list all spells.
Aiming: Sticky Flame (safe; 2% risk of failure)
Press: ? - help, Shift-Dir - straight line, f/p - white ugly thing
Aim: a white ugly thing (heavily wounded)
The sticky flame hits the white ugly thing.
The white ugly thing is severely wounded.
The white ugly thing is covered in liquid flames!
The white ugly thing burns!
The white ugly thing bites you but does no damage.
No path to travel!
No path to travel!
The white ugly thing burns!
The white ugly thing burns!
The white ugly thing burns!
The white ugly thing stops burning.
The white ugly thing bites you! The white ugly thing freezes you!!
You die...

#......#.....+......
#.(....'.#####...)..
#......### #......
###'#### ####### #.#
#.# #.# #.# #@# #u#
#.# #.#
.............#
#######.###### #.#
#.# #.#


You could see a white ugly thing.

Vanquished Creatures
  2 two-headed ogres
  Pikel (D:8)
  2 centaur zombies (D:8)
  A troll (D:8)
  2 hippogriffs
  A hog (shapeshifter) (D:9)
  2 wargs (D:7)
  A crocodile (Sewer)
  4 orc warriors
  2 ice beasts
  3 slaves (D:8)
  A black bear (D:6)
  4 ogres
  7 sky beasts
  2 phantoms
  8 centaurs
  4 bullfrogs
  A gnoll sergeant (D:8)
  A wyvern skeleton (D:8)
  A scorpion (D:4)
  5 killer bees (D:7)
  2 howler monkeys (D:7)
  5 wights (D:8)
  5 crimson imps
  2 bullfrog zombies
  A hound (D:4)
  2 jellies (D:5)
  7 orc priests
  Crazy Yiuf (D:3)
  3 centaur skeletons
  7 orc wizards
  2 bullfrog skeletons
  Jessica (D:7)
  3 iguanas
  7 worker ants
  5 big kobold zombies (Ossuary)
  A hound zombie (D:6)
  2 hound skeletons
  A mummy (Ossuary)
  A howler monkey zombie (D:6)
  5 gnolls (D:8)
  10 adders
  5 shadow imps
  An adder zombie (D:7)
  2 adder skeletons
  8 worms
  2 dart slugs
  13 leopard geckos
  35 orcs
  2 spectral bats (Ossuary)
  3 bat zombies (D:5)
  8 giant cockroaches
  7 gnoll zombies (Ossuary)
  8 goblins
  8 hobgoblins
  24 jackals
  7 quokkas
  A ball python (D:2)
  8 bats
  4 bat simulacra (Ossuary)
  5 frilled lizards
  5 goblin simulacra (Ossuary)
  8 goblin zombies (Ossuary)
  6 hobgoblin zombies (Ossuary)
  2 jackal zombies
  16 kobolds
  2 kobold simulacra (Ossuary)
  4 orc zombies (Ossuary)
  A quokka skeleton (D:3)
  5 rats
  A rat simulacrum (Ossuary)
  2 rat zombies (D:5)
  5 spectral goblins (Ossuary)
  2 spectral kobolds (Ossuary)
  5 spectral rats (Ossuary)
343 creatures vanquished.

Notes
Turn   | Place    | Note
-------+----------+-------------------------------------------
     0 | D:1      | Morbidden the Vine Stalker Archaeologist began the quest
                  | for the Orb.
     0 | D:1      | Reached XP level 1. HP: 11/11 MP: 2/2
   116 | D:1      | Reached XP level 2. HP: 16/16 MP: 3/3
   305 | D:1      | Reached skill level 5 in Stealth
   444 | D:1      | Reached XP level 3. HP: 20/20 MP: 4/4
   574 | D:1      | Reached skill level 1 in Fighting
  1226 | D:2      | Reached XP level 4. HP: 24/25 MP: 5/5
  1504 | D:2      | Reached skill level 1 in Short Blades
  2216 | D:3      | Reached XP level 5. HP: 29/29 MP: 6/6
  2216 | D:3      | Identified a scroll of acquirement
  2216 | D:3      | Identified the ring "Wusudia" {rPois rCorr Str+3 Int+7}
                  | (You acquired it on level 3 of the Dungeon)
  2292 | D:3      | Reached skill level 5 in Dodging
  2354 | D:3      | Found a runed door.
  2531 | D:3      | Learned a level 1 spell: Magic Dart
  2789 | D:3      | Learned a level 2 spell: Searing Ray
  3205 | D:3      | Noticed Crazy Yiuf
  3209 | D:3      | Killed Crazy Yiuf
  3210 | D:3      | Gained mutation: You have razor-sharp teeth. [Vine Stalker
                  | growth]
  3210 | D:3      | Reached XP level 6. HP: 35/35 MP: 7/7
  3266 | D:4      | Found a glowing drain.
  3305 | Sewer    | Entered a sewer
  3382 | Sewer    | Noticed a crocodile
  3392 | Sewer    | Killed a crocodile
  3393 | Sewer    | Reached skill level 1 in Spellcasting
  3393 | Sewer    | Reached skill level 1 in Conjurations
  3494 | D:4      | Found a sand-covered staircase.
  3498 | Ossuary  | Entered an ossuary
  3646 | Ossuary  | Reached XP level 7. HP: 36/40 MP: 9/9
  4238 | D:4      | Found a radiant altar of Vehumet.
  4487 | D:4      | Found a glowing golden altar of the Shining One.
  4589 | D:4      | Gained mutation: Your bite disrupts and absorbs the magic
                  | of your enemies. [Mana Stalker growth]
  4589 | D:4      | Gained mutation: You are resistant to hostile enchantments.
                  | (MR+) [Mana Stalker growth]
  4589 | D:4      | Reached XP level 8. HP: 27/45 MP: 1/12
  4841 | D:4      | Became a worshipper of Vehumet
  5338 | D:5      | Entered Level 5 of the Dungeon
  5359 | D:5      | Learned a level 3 spell: Iskenderun's Mystic Blast
  5462 | D:5      | Reached skill level 5 in Short Blades
  5961 | D:5      | Reached XP level 9. HP: 51/51 MP: 9/15
  6010 | D:5      | Found an ancient bone altar of Kikubaaqudgha.
  6067 | D:5      | Noticed a moth of wrath
  6070 | D:5      | Found a bloodstained altar of Trog.
  6087 | D:5      | Reached * piety under Vehumet
  6087 | D:5      | Offered knowledge of Sting by Vehumet.
  6813 | D:6      | Found Abed's Book Emporium.
  7347 | D:6      | Offered knowledge of Flame Tongue by Vehumet.
  7348 | D:6      | Reached skill level 5 in Conjurations
  7364 | D:6      | Learned a level 5 spell: Irradiate
  7477 | D:7      | Found Lythrile's Assorted Antiques.
  7536 | D:7      | Reached ** piety under Vehumet
  7619 | D:7      | Learned a level 4 spell: Sticky Flame
  7724 | D:7      | Reached skill level 5 in Spellcasting
  7724 | D:7      | Reached skill level 1 in Transmutations
  7790 | D:7      | Reached XP level 10. HP: 47/58 MP: 7/18
  7882 | D:7      | Reached skill level 1 in Fire Magic
  8325 | D:7      | Noticed Jessica
  8330 | D:7      | Killed Jessica
  8360 | D:7      | Found a shimmering blue altar of Sif Muna.
  8430 | D:7      | Found a staircase to the Lair.
  8452 | D:7      | Found Kuckiph's Antique Armour Shop.
  8485 | D:7      | Bought a glowing helmet for 210 gold pieces
  8485 | D:7      | Bought a pair of glowing gloves for 210 gold pieces
  8519 | D:7      | Found Ganwontoesm's Antique Armour Boutique.
  8520 | D:7      | Found an iron altar of Okawaru.
  8571 | D:7      | Found a shimmering blue altar of Sif Muna.
  8574 | D:7      | Found a shattered altar of Ashenzari.
  8576 | D:7      | Found a hazy altar of Hepliaklqana.
  8734 | D:7      | Found a staircase to the Ecumenical Temple.
  8882 | D:8      | Offered knowledge of Throw Frost by Vehumet.
  8958 | D:8      | Found a sparkling altar of Nemelex Xobeh.
  9002 | D:8      | Noticed Pikel
  9015 | D:8      | Killed Pikel
  9280 | D:8      | Noticed a two-headed ogre
  9286 | D:8      | Killed a two-headed ogre
  9341 | D:8      | Reached *** piety under Vehumet
  9348 | D:8      | Learned a level 5 spell: Fireball
  9563 | D:8      | Reached skill level 5 in Fighting
  9587 | D:8      | Reached XP level 11. HP: 38/63 MP: 7/21
  9685 | D:8      | Found a glowing silver altar of Zin.
  9694 | D:8      | Found a white marble altar of Elyvilon.
  9699 | D:8      | Offered knowledge of Throw Icicle by Vehumet.
 10121 | D:7      | Bought a ripped robe for 96 gold pieces
 10121 | D:7      | Identified the +2 robe of Beyond {MR- Str+6} (You bought it
                  | in a shop on level 7 of the Dungeon)
 10216 | D:9      | Identified the +3 quick blade of the Bespelling Shrike
                  | {venom, +Blink MR+ Str+2} (You acquired it on level 9 of
                  | the Dungeon)
 10216 | D:9      | Identified the ring "Yrphoest" {rC+ Int+3} (You acquired it
                  | on level 9 of the Dungeon)
 10281 | D:9      | Noticed a two-headed ogre
 10284 | D:9      | Killed a two-headed ogre
 10356 | D:9      | Noticed a white ugly thing
 10365 | D:9      | Slain by a white ugly thing

Skill      XL: |  1  2  3  4  5  6  7  8  9 10 11 |
---------------+----------------------------------+-----
Stealth        | 5 6 7 8 |  8.5
Dodging        | 4 5 6 7 8 |  8.1
Fighting       | 1 2 3 4 5 |  5.2
Short Blades   | 1 2 3 4 5 6 7 |  7.6
Spellcasting   | 1 2 3 5 6 7 |  7.0
Conjurations   | 1 2 3 5 7 |  7.8
Transmutations | 1 3 |  3.4
Fire Magic     | 2 3 |  3.1
Maces & Flails | |  0.9

Action                   |  1- 3 |  4- 6 |  7- 9 | 10-12 || total
-------------------------+-------+-------+-------+-------++-------
Melee: Whip              |    27 |       |       |       ||    27
       Bite              |     5 |    29 |    73 |    33 ||   140
       Dagger            |   152 |   247 |       |       ||   399
       Short sword       |       |    72 |   304 |   118 ||   494
 Fire: Blowgun           |       |     6 |       |       ||     6
Throw: Javelin           |       |       |       |     1 ||     1
 Cast: Magic Dart        |       |     6 |    69 |     1 ||    76
       Searing Ray       |       |     5 |    38 |     6 ||    49
       Iskenderun's Myst |       |       |    40 |    82 ||   122
       Sticky Flame      |       |       |       |    18 ||    18
       Fireball          |       |       |       |     1 ||     1
  Use: Scroll            |       |     2 |     7 |     5 ||    14
       Potion            |       |     1 |     1 |       ||     2
 Stab: Sleeping          |     9 |    18 |    19 |     8 ||    54
       Distracted        |       |       |     1 |       ||     1
  Eat: Chunk             |     6 |    15 |    23 |    10 ||    54
       Ration            |       |       |     1 |     2 ||     3
Armor: Robe              |    55 |   102 |    80 |    34 ||   271
Dodge: Dodged            |   114 |   239 |   216 |    86 ||   655
